| TOP OF THE 1ST |
|
Jackson Generals batting - Pitching for Arkansas Travelers : RHP Eddie Garabito
|
|
Pitching: RHP Eddie Garabito
|
|
|
Batting: RHB Sean Peake
|
0-0: Ball 1-0: Ball 2-0: Called Strike 2-1: Foul Ball, location: 2F 2-2: Strikes out swinging
|
|
Batting: RHB Josh Ruhl
|
0-0: Fly out, F9 (Flyball, 9, EV 96.2 MPH)
|
|
Batting: LHB Tom Reynolds
|
0-0: Ball 1-0: Ball 2-0: Ball 3-0: Called Strike 3-1: Base on Balls
|
|
Batting: LHB Jawad Fahad
|
0-0: Ground out 4-3 (Groundball, 34S, EV 77.5 MPH)
|
| Top of the 1st over - 0 runs, 0 hits, 0 errors, 1 left on base; Jackson 0 - Arkansas 0 |
| BOTTOM OF THE 1ST |
|
Arkansas Travelers batting - Pitching for Jackson Generals : RHP Trevor Jacobsen
|
|
Pitching: RHP Trevor Jacobsen
|
|
|
Batting: RHB Reginald McDougall
|
0-0: Ball 1-0: Ball 2-0: Bunt missed! 2-1: Swinging Strike 2-2: Foul Ball, location: 2F 2-2: Ball 3-2: Ground out 6-3 (Groundball, 6, EV 101.2 MPH)
|
|
Batting: RHB Luis Romero
|
0-0: Called Strike 0-1: Ball 1-1: Ball 2-1: Ball 3-1: Foul Ball, location: 2F 3-2: Strikes out swinging
|
|
Batting: RHB Mike Alm
|
0-0: Ball 1-0: Foul Ball, location: 2F 1-1: Fly out, F7 (Flyball, 7D, EV 91.2 MPH)
|
| Bottom of the 1st over - 0 runs, 0 hits, 0 errors, 0 left on base; Jackson 0 - Arkansas 0 |
| TOP OF THE 2ND |
|
Jackson Generals batting - Pitching for Arkansas Travelers : RHP Eddie Garabito
|
|
Batting: RHB Robby Cuellar
|
0-0: Called Strike 0-1: SINGLE (Groundball, 56D, EV 98.1 MPH)
|
|
Batting: SHB Jose Castillo
|
0-0: Grounds into double play, 6-4-3 (Groundball, 6M, EV 100.6 MPH)
|
|
Batting: RHB Joe Stading
|
0-0: Ball 1-0: Ball 2-0: SINGLE (Groundball, 3D, EV 100.0 MPH)
|
|
Batting: SHB Tony de Lara
|
0-0: Swinging Strike 0-1: Swinging Strike 0-2: Strikes out swinging
|
| Top of the 2nd over - 0 runs, 2 hits, 0 errors, 1 left on base; Jackson 0 - Arkansas 0 |
| BOTTOM OF THE 2ND |
|
Arkansas Travelers batting - Pitching for Jackson Generals : RHP Trevor Jacobsen
|
|
Batting: RHB Gary Horgan
|
0-0: Fly out, F9 (Flyball, 9D, EV 92.5 MPH)
|
|
Batting: RHB Eric Davis
|
0-0: Ground out 3-1 (Groundball, 34S, EV 74.4 MPH)
|
|
Batting: RHB Jon Griffin
|
0-0: Called Strike 0-1: Swinging Strike 0-2: Ball 1-2: SINGLE (Groundball, 25, EV 68.8 MPH) (infield hit)
|
|
Batting: RHB Ryan Pelletier
|
0-0: Foul Ball, location: 2F 0-1: Ball 1-1: Swinging Strike 1-2: Ball 2-2: Ball 3-2: Strikes out swinging
|
| Bottom of the 2nd over - 0 runs, 1 hit, 0 errors, 1 left on base; Jackson 0 - Arkansas 0 |
| TOP OF THE 3RD |
|
Jackson Generals batting - Pitching for Arkansas Travelers : RHP Eddie Garabito
|
|
Batting: RHB Clay Statum
|
0-0: Swinging Strike 0-1: Swinging Strike 0-2: Strikes out swinging
|
|
Batting: RHB Sean Peake
|
0-0: Ball 1-0: Foul Ball, location: 2F 1-1: Ball 2-1: Ball 3-1: Fly out, F8 (Flyball, 8LD, EV 90.6 MPH)
|
|
Batting: RHB Josh Ruhl
|
0-0: Ball 1-0: Foul Ball, location: 2F 1-1: Called Strike 1-2: Ball 2-2: Ball 3-2: Ground out 6-3 (Groundball, 56, EV 83.1 MPH)
|
| Top of the 3rd over - 0 runs, 0 hits, 0 errors, 0 left on base; Jackson 0 - Arkansas 0 |
| BOTTOM OF THE 3RD |
|
Arkansas Travelers batting - Pitching for Jackson Generals : RHP Trevor Jacobsen
|
|
Batting: RHB Danny Bjarnson
|
0-0: Foul Ball, location: 2F 0-1: Ball 1-1: Foul Ball, location: 2F 1-2: Ball 2-2: Foul Ball, location: 2F 2-2: Ground out 5-3 (Groundball, 15, EV 90.0 MPH)
|
|
Batting: RHB Timoleon Tsikouna
|
0-0: Called Strike 0-1: Called Strike 0-2: Strikes out swinging
|
|
Batting: RHB Reginald McDougall
|
0-0: Foul Ball, location: 2F 0-1: Foul Ball, location: 2F 0-2: Hit by Pitch
|
|
Batting: RHB Luis Romero
|
0-0: Ball 1-0: Foul Ball, location: 2F 1-1: Called Strike Reginald McDougall is caught stealing 2nd base 2-4
|
| Bottom of the 3rd over - 0 runs, 0 hits, 0 errors, 0 left on base; Jackson 0 - Arkansas 0 |
| TOP OF THE 4TH |
|
Jackson Generals batting - Pitching for Arkansas Travelers : RHP Eddie Garabito
|
|
Batting: LHB Tom Reynolds
|
0-0: Swinging Strike 0-1: Foul Ball, location: 2F 0-2: Foul Ball, location: 2F 0-2: Strikes out swinging
|
|
Batting: LHB Jawad Fahad
|
0-0: Swinging Strike 0-1: Called Strike 0-2: Strikes out swinging
|
|
Batting: RHB Robby Cuellar
|
0-0: Called Strike 0-1: Ball 1-1: Swinging Strike 1-2: Strikes out looking
|
| Top of the 4th over - 0 runs, 0 hits, 0 errors, 0 left on base; Jackson 0 - Arkansas 0 |
| BOTTOM OF THE 4TH |
|
Arkansas Travelers batting - Pitching for Jackson Generals : RHP Trevor Jacobsen
|
|
Batting: RHB Luis Romero
|
0-0: Fly out, F9 (Line Drive, 9S, EV 98.8 MPH)
|
|
Batting: RHB Mike Alm
|
0-0: Ball 1-0: Foul Ball, location: 2F 1-1: Foul Ball, location: 2F 1-2: Ground out 6-3 (Groundball, 56, EV 86.2 MPH)
|
|
Batting: RHB Gary Horgan
|
0-0: Ball 1-0: SOLO HOME RUN (Flyball, 7D, EV 93.8 MPH), Distance : 370 ft
|
|
Batting: RHB Eric Davis
|
0-0: Ball 1-0: Ball 2-0: Ball 3-0: Called Strike 3-1: Base on Balls
|
|
Batting: RHB Jon Griffin
|
0-0: Ball 1-0: Foul Ball, location: 2F 1-1: Foul Ball, location: 2F 1-2: Hit by Pitch Eric Davis to second
|
|
Batting: RHB Ryan Pelletier
|
0-0: Ball 1-0: Ball 2-0: Ball 3-0: Called Strike 3-1: Fielders Choice at 2nd, 6-4 (Groundball, 6, EV 88.8 MPH)
|
| Bottom of the 4th over - 1 run, 1 hit, 0 errors, 2 left on base; Jackson 0 - Arkansas 1 |
| TOP OF THE 5TH |
|
Jackson Generals batting - Pitching for Arkansas Travelers : RHP Eddie Garabito
|
|
Batting: SHB Jose Castillo
|
0-0: Foul Ball, location: 2F 0-1: Ball 1-1: Called Strike 1-2: Foul Ball, location: 2F 1-2: Ball 2-2: Strikes out swinging passed ball, reaches first!
|
|
Batting: RHB Joe Stading
|
0-0: Called Strike 0-1: Swinging Strike 0-2: Foul Ball, location: 2F 0-2: SINGLE (Flyball, 78S, EV 95.0 MPH) Jose Castillo to second Runner from 2nd tries for 3rd, SAFE, throw by CF made to third
|
|
Batting: SHB Tony de Lara
|
0-0: Swinging Strike 0-1: Swinging Strike 0-2: Ball 1-2: Foul Ball, location: 2F 1-2: Strikes out swinging
|
|
Batting: RHB Clay Statum
|
0-0: Ball 1-0: Called Strike 1-1: Swinging Strike 1-2: Ball 2-2: Strikes out swinging
|
|
Batting: RHB Sean Peake
|
0-0: Called Strike 0-1: Ground out 4-3 (Groundball, 34, EV 103.1 MPH)
|
| Top of the 5th over - 0 runs, 1 hit, 0 errors, 2 left on base; Jackson 0 - Arkansas 1 |
| BOTTOM OF THE 5TH |
|
Arkansas Travelers batting - Pitching for Jackson Generals : RHP Trevor Jacobsen
|
|
Batting: RHB Danny Bjarnson
|
0-0: Called Strike 0-1: Called Strike 0-2: Fly out, F9 (Line Drive, 9, EV 96.2 MPH)
|
|
Batting: RHB Timoleon Tsikouna
|
0-0: Foul Ball, location: 2F 0-1: Fly out, F9 (Flyball, 9S, EV 91.2 MPH)
|
|
Batting: RHB Reginald McDougall
|
0-0: Ball 1-0: Swinging Strike 1-1: Ball 2-1: Foul Ball, location: 2F 2-2: Strikes out looking
|
| Bottom of the 5th over - 0 runs, 0 hits, 0 errors, 0 left on base; Jackson 0 - Arkansas 1 |
| TOP OF THE 6TH |
|
Jackson Generals batting - Pitching for Arkansas Travelers : RHP Eddie Garabito
|
|
Pitching: RHP Cal Abbott
|
|
|
Batting: RHB Josh Ruhl
|
0-0: Called Strike 0-1: Foul Ball, location: 2F 0-2: Foul Ball, location: 2F 0-2: Ball 1-2: Ball 2-2: Foul Ball, location: 2F 2-2: Strikes out looking
|
|
Batting: LHB Tom Reynolds
|
0-0: Ball 1-0: Ball 2-0: Ball 3-0: Base on Balls
|
|
Batting: LHB Jawad Fahad
|
0-0: Grounds into double play, 6-4-3 (Groundball, 6, EV 78.8 MPH)
|
| Top of the 6th over - 0 runs, 0 hits, 0 errors, 0 left on base; Jackson 0 - Arkansas 1 |
| BOTTOM OF THE 6TH |
|
Arkansas Travelers batting - Pitching for Jackson Generals : RHP Trevor Jacobsen
|
|
Batting: RHB Luis Romero
|
0-0: Ball 1-0: Foul Ball, location: 2F 1-1: Called Strike 1-2: Foul Ball, location: 2F 1-2: Ball 2-2: Fly out, F8 (Line Drive, 8RD, EV 87.5 MPH)
|
|
Pitching: RHP Ian Gaines
|
|
|
Batting: RHB Mike Alm
|
0-0: SINGLE (Groundball, 56S, EV 63.8 MPH) (infield hit)
|
|
Batting: RHB Gary Horgan
|
0-0: Foul Ball, location: 2F 0-1: Reached on error, E5 (Groundball, 56, EV 108.1 MPH) Mike Alm to second
|
|
Batting: RHB Eric Davis
|
0-0: Ball 1-0: Called Strike 1-1: Called Strike 1-2: Foul Ball, location: 2F 1-2: Foul Ball, location: 2F 1-2: Reached on error, E4 (Groundball, 4, EV 101.2 MPH) Mike Alm to third Gary Horgan to second
|
|
Batting: RHB Jon Griffin
|
0-0: Ball 1-0: Ball 2-0: Called Strike 2-1: Ball 3-1: Foul Ball, location: 2F 3-2: DOUBLE (Flyball, 8LXD, EV 101.2 MPH) Mike Alm scores Gary Horgan scores Eric Davis to third Runner from 3rd tries for Home, SAFE, no throw by CF
|
|
Pitching: RHP Settan Suzuki
|
|
|
Batting: RHB Ryan Pelletier
|
0-0: Ground out 6-3 (Groundball, 6, EV 78.8 MPH) Jon Griffin to third
|
|
Batting: RHB Danny Bjarnson
|
0-0: Called Strike 0-1: Foul Ball, location: 2F 0-2: Foul Ball, location: 2F 0-2: Fly out, F8 (Line Drive, 8LM, EV 93.1 MPH)
|
| Bottom of the 6th over - 3 runs, 2 hits, 2 errors, 1 left on base; Jackson 0 - Arkansas 4 |
| TOP OF THE 7TH |
|
Jackson Generals batting - Pitching for Arkansas Travelers : RHP Cal Abbott
|
|
Pitching: RHP Bartholomeu Voivodic
|
|
|
Batting: RHB Robby Cuellar
|
0-0: Ball 1-0: Foul Ball, location: 2F 1-1: Foul Ball, location: 2F 1-2: Ball 2-2: Strikes out swinging
|
|
Batting: SHB Jose Castillo
|
0-0: Foul Ball, location: 2F 0-1: Ball 1-1: Ball 2-1: Ball 3-1: Ground out 1-3 (Groundball, 34S, EV 66.9 MPH)
|
|
Batting: RHB Joe Stading
|
0-0: Foul Ball, location: 2F 0-1: Ground out U3 (Groundball, 34S, EV 81.9 MPH)
|
| Top of the 7th over - 0 runs, 0 hits, 0 errors, 0 left on base; Jackson 0 - Arkansas 4 |
| BOTTOM OF THE 7TH |
|
Arkansas Travelers batting - Pitching for Jackson Generals : RHP Settan Suzuki
|
|
Batting: RHB Timoleon Tsikouna
|
0-0: Swinging Strike 0-1: Foul Ball, location: 2F 0-2: Ball 1-2: Ball 2-2: Fly out, F1 (Line Drive, P, EV 67.5 MPH)
|
|
Batting: RHB Reginald McDougall
|
0-0: SINGLE (Groundball, 4MD, EV 104.4 MPH)
|
|
Batting: RHB Luis Romero
|
0-0: Ball 1-0: Ball Reginald McDougall steals 2nd base 2-0: Ground out 5-3 (Groundball, 5, EV 103.1 MPH)
|
|
Batting: RHB Mike Alm
|
0-0: Ball 1-0: Called Strike 1-1: Ball 2-1: Ball 3-1: Base on Balls
|
|
Batting: RHB Gary Horgan
|
0-0: Fielders Choice at 2nd, 6-4 (Groundball, 6, EV 80.6 MPH)
|
| Bottom of the 7th over - 0 runs, 1 hit, 0 errors, 2 left on base; Jackson 0 - Arkansas 4 |
| TOP OF THE 8TH |
|
Jackson Generals batting - Pitching for Arkansas Travelers : RHP Bartholomeu Voivodic
|
|
Pitching: RHP Trece Hunter
|
|
|
Batting: SHB Tony de Lara
|
0-0: Swinging Strike 0-1: SINGLE (Flyball, 9LM, EV 106.9 MPH)
|
|
Batting: RHB Clay Statum
|
0-0: Ball 1-0: Called Strike 1-1: Ball 2-1: Swinging Strike 2-2: Foul Ball, location: 2F 2-2: Strikes out swinging
|
|
Batting: RHB Sean Peake
|
0-0: Fly out, F9 (Flyball, 9S, EV 86.9 MPH)
|
|
Batting: RHB Josh Ruhl
|
0-0: Fielders Choice at 2nd, 6-4 (Groundball, 6D, EV 89.4 MPH)
|
| Top of the 8th over - 0 runs, 1 hit, 0 errors, 1 left on base; Jackson 0 - Arkansas 4 |
| BOTTOM OF THE 8TH |
|
Arkansas Travelers batting - Pitching for Jackson Generals : RHP Settan Suzuki
|
|
Pitching: RHP Adam Fair
|
|
|
Batting: RHB Eric Davis
|
0-0: Called Strike 0-1: Foul Ball, location: 2F 0-2: Foul Ball, location: 2F 0-2: Strikes out looking
|
|
Batting: RHB Jon Griffin
|
0-0: Called Strike 0-1: Ball 1-1: Foul Ball, location: 2F 1-2: Strikes out swinging
|
|
Batting: RHB Ryan Pelletier
|
0-0: Swinging Strike 0-1: Swinging Strike 0-2: SINGLE (Line Drive, 6D, EV 95.6 MPH)
|
|
Batting: RHB Danny Bjarnson
|
0-0: Called Strike Ryan Pelletier steals 2nd base 0-1: Swinging Strike 0-2: Ball 1-2: Ball 2-2: Strikes out looking
|
| Bottom of the 8th over - 0 runs, 1 hit, 0 errors, 1 left on base; Jackson 0 - Arkansas 4 |
| TOP OF THE 9TH |
|
Jackson Generals batting - Pitching for Arkansas Travelers : RHP Trece Hunter
|
|
Pitching: RHP Danny Nava
|
|
|
Batting: LHB Tom Reynolds
|
0-0: Called Strike 0-1: Ball 1-1: Foul Ball, location: 2F 1-2: Foul Ball, location: 2F 1-2: Strikes out swinging
|
|
Batting: LHB Jawad Fahad
|
0-0: Foul Ball, location: 2F 0-1: Ground out 6-3 (Groundball, 6, EV 87.5 MPH)
|
|
Batting: RHB Robby Cuellar
|
0-0: Ball 1-0: Ball 2-0: Ground out 5-3 (Groundball, 56S, EV 81.2 MPH)
|
| Top of the 9th over - 0 runs, 0 hits, 0 errors, 0 left on base; Jackson 0 - Arkansas 4 |
|